 Dungeon Crawl Stone Soup version 0.31-a0-233-g139696dc86 (webtiles) character file.

Game seed: 9850498506647529531

259 Nattfarinn the Ruffian (level 6, -1/52 HPs)
             Began as a Ghoul Reaver on July 9, 2023.
             Slain by an orc
             ... wielding a +0 mace
              (5 damage)
             ... on level 4 of the Dungeon.
             The game lasted 00:04:47 (2686 turns).

Nattfarinn the Ruffian (Ghoul Reaver)               Turns: 2686, Time: 00:04:48

Health: -1/52      AC:  3    Str: 18    XL:     6   Next: 17%
Magic:  7/7        EV: 11    Int:  8    God:
Gold:   266        SH:  0    Dex:  7    Spells: 5/8 levels left

rFire   . .          .
                       - Unarmed
rCold   + . .        (no shield)
rNeg    + + +        a - +0 leather armour
rPois   ∞            (no helmet)
rElec   .            k - scarf {repulsion}
rCorr   .            (no gloves)
SInv    .            (no boots)
Will    .....        (no amulet)
Stlth   +            (no ring)
HPRegen 0.00/turn    (no ring)
MPRegen 0.10/turn

%: repel missiles
@: weak-willed, inhibited regen
A: claws 1, cold resistance 1, negative energy resistance 3, inhibited
regeneration, torment resistance 2, devour on kill
a: no special abilities


You were on level 4 of the Dungeon.
You visited 1 branch of the dungeon, and saw 4 of its levels.

You collected 266 gold pieces.

Inventory:

Armour
 a - a +0 leather armour (worn)
 k - a scarf of repulsion (worn)
Scrolls
 e - a scroll of noise
 g - 2 scrolls of vulnerability
 l - a scroll of acquirement {unknown}
 m - a scroll of fog {unknown}
Potions
 b - 3 potions of enlightenment {unknown}
 c - a potion of mutation {unknown}
 d - 2 potions of heal wounds {unknown}
 i - a potion of brilliance {unknown}
 n - a potion of curing {unknown}
 o - 2 potions of degeneration {unknown}


   Skills:
 + Level 3.8 Fighting
 - Level 1.7 Dodging
 + Level 4.6 Unarmed Combat
 - Level 1.7 Spellcasting
 - Level 2.4 Conjurations
 * Level 3.6 Translocations


You had 5 spell levels left.
You knew the following spells:

 Your Spells              Type           Power      Damage    Failure   Level
a - Kiss of Death         Conj/Necr      8%         2d6       26%         1
b - Momentum Strike       Conj/Tloc      10%        3d8       19%         2

Your spell library contained the following spells:

 Spells                   Type           Power      Damage    Failure   Level
 Summon Small Mammal      Summ           0%         N/A       41%         1
 Hailstorm                Conj/Ice       2%         3d3       63%         3
 Passage of Golubria      Tloc           6%         N/A       67%         4
 Call Canine Familiar     Summ           0%         N/A       78%         3
 Summon Guardian Golem    Hex/Summ       0%         N/A       78%         3
 Tukima's Dance           Hex            0%         N/A       78%         3
 Yara's Violent Unravell  Hex/Tmut       0%         3d3       100%        5


Dungeon Overview and Level Annotations

Branches:
Dungeon (4/15)
 Temple: D:4-7

Altars:
Cheibriados
Gozag
Okawaru
Vehumet
Yredelemnul

Annotations:
D:2 1 runed translucent door, Crazy Yiuf


Innate Abilities, Weirdness & Mutations

You are immune to poison.
You have sharp fingernails.
Your flesh is cold resistant. (rC+)
You are immune to negative energy. (rN+++)
You do not regenerate when monsters are visible.
You are immune to unholy pain and torment.
You thrive by killing the living.


Message History

You are too injured to fight recklessly!
You are too injured to fight recklessly!
You are too injured to fight recklessly!
You are too injured to fight recklessly!
You are too injured to fight recklessly!
You are too injured to fight recklessly!
You are too injured to fight recklessly!
You closely miss the orc priest.
The orc priest is severely wounded.
The orc hits you with a +0 club. The orc barely misses you.
The orc hits you with a +0 whip. The orc priest barely misses you.
You barely miss the orc priest.
The orc priest is severely wounded.
The orc hits you with a +0 club.
* * * LOW HITPOINT WARNING * * *
The orc priest closely misses you. The orc misses you.
The orc barely misses you. The orc attacks as you move away!
The orc hits you with a +0 club.
* * * LOW HITPOINT WARNING * * *
The orc attacks as you move away! The orc hits you with a +0 mace.
* * * LOW HITPOINT WARNING * * *
The orc attacks as you move away! The orc hits you with a +0 mace.
* * * LOW HITPOINT WARNING * * *
As you read the scroll labelled JYECAL EFOV, it crumbles to dust.
Magic quickly surges around you.
It was a scroll of vulnerability.
As you read the scroll labelled ITEUTR QU MUCE, it crumbles to dust.
It is a scroll of identify.
e - a scroll of noise The orc barely misses you. x2
As you read the scroll labelled JAITEF ATYU, it crumbles to dust.
It is a scroll of amnesia.
Really abort (and waste the scroll)?
Okay, then.
The orc hits you with a +0 club.
* * * LOW HITPOINT WARNING * * *
The orc hits you but does no damage.
The air fills with toxic fumes!
As you read the scroll labelled ASAZOO VILIQAGE, it crumbles to dust.
It was a scroll of poison.
The orc hits you with a +0 mace.
You die...

###..## #.##...##......(..
##..# #.##...##......... ##.#
#.##...##.###..... #.#
#.##...##.# ##...# ######.#
#.##.$.##.## #...# #.....§####
#.##...##... ....#
#.....§§§.###.(.o.............
#......##§§#####o..### ...#..#
#.)†...###§§§@#......# ...#.##
#......# ####oooo§§§§# ... .#
#......# ##§§§§§§§# #......#
##§§§§§§# #......# #§§§§§§+
#......# #§§§§§§# #......#
#.§§§§§# #.§§§§§# ......#


You could see an orc priest and 3 orcs.

Vanquished Creatures
  A bullfrog (D:4)
  2 hounds
  6 adders
  A worm (D:3)
  2 dart slugs
  5 bats
  8 endoplasms
  2 giant cockroaches (D:4)
  5 goblins
  6 hobgoblins
  3 jackals (D:3)
  3 quokkas
  7 ball pythons
  7 frilled lizards
  11 kobolds
  5 rats
74 creatures vanquished.

Notes
Turn   | Place    | Note
-------+----------+-------------------------------------------
     0 | D:1      | Nattfarinn the Ghoul Reaver began the quest for the Orb.
     0 | D:1      | Reached XP level 1. HP: 17/17 MP: 2/2
   242 | D:1      | Reached XP level 2. HP: 22/25 MP: 3/3
   270 | D:1      | Reached skill level 1 in Translocations
   376 | D:1      | Learned a level 2 spell: Momentum Strike
   681 | D:2      | Reached XP level 3. HP: 30/30 MP: 4/4
   903 | D:2      | Reached XP level 4. HP: 31/38 MP: 5/5
  1338 | D:2      | Found a runed translucent door.
  1339 | D:2      | Noticed Crazy Yiuf
  1629 | D:3      | Found a basalt altar of Yredelemnul.
  1648 | D:3      | Found a snail-covered altar of Cheibriados.
  1665 | D:3      | Reached skill level 4 in Unarmed Combat
  1720 | D:3      | Found an opulent altar of Gozag.
  1744 | D:3      | Found a radiant altar of Vehumet.
  1748 | D:3      | Found an iron altar of Okawaru.
  1895 | D:3      | Reached XP level 5. HP: 44/45 MP: 6/6
  2413 | D:4      | Reached XP level 6. HP: 17/52 MP: 7/7
  2686 | D:4      | Slain by an orc

Illustrated notes

Levels and vault maps discovered:
D:1:      dpeg_arrival_arbitrary_a, layout_rooms, minmay_pentomino_r4
D:2:      layout_basic, uniq_crazy_yiuf_cottage
D:3:      layout_basic, nicolae_overflow_macrodata_refinement,
          mainiacjoe_overflow_catwalk_spiral
D:4:      layout_basic, fedhas_altar_4

Skill      XL: |  1  2  3  4  5 |
---------------+----------------+-----
Translocations | 1 2 3 |  3.6
Fighting       | 3 |  3.8
Unarmed Combat | 4 |  4.6
Dodging        | |  1.7
Spellcasting   | |  1.7
Conjurations   | |  2.4

Action                     |  1- 3 |  4- 6 || total
---------------------------+-------+-------++-------
  Melee: Unarmed           |   107 |   146 ||   253
         Punch             |     5 |     4 ||     9
   Cast: Momentum Strike   |       |     3 ||     3
    Use: Scroll            |       |     4 ||     4
 Armour: Leather armour    |    34 |    34 ||    68
  Dodge: Dodged            |    68 |    98 ||   166

Table legend: (Time is in decaauts)
 A = Elapsed time spent in this place.
 B = Non-inter-level travel time spent in this place.
 C = Inter-level travel time spent in this place.
 D = Time resting spent in this place.
 E = Time spent auto-exploring this place.
 F = Levels seen in this place.
 G = Mean time per level.
                   A        B        C        D        E       F      G
               +--------+--------+--------+--------+--------+-----+--------+
         Total |   2668 |   2550 |    118 |      0 |   2064 |   4 |  667.0 |
       Dungeon |   2668 |   2550 |    118 |      0 |   2064 |   4 |  667.0 |
               +--------+--------+--------+--------+--------+-----+--------+

Top non-repeatable levels by time:
     D:2: 962 daAuts
     D:1: 653 daAuts
     D:3: 566 daAuts
     D:4: 486 daAuts
